 Dungeon Crawl Stone Soup version 0.31-a0-176-g91f28db67f (webtiles) character file.

Game seed: 777858925654223004

56 qw the Chopper (level 3, -2/23 HPs)
             Began as a Gargoyle Fighter on June 17, 2023.
             Slain by an orc
             ... wielding a +0 trident
              (3 damage)
             ... on level 3 of the Dungeon.
             The game lasted 00:00:36 (1076 turns).

qw the Chopper (Gargoyle Fighter)                   Turns: 1076, Time: 00:00:37

Health: -2/23      AC: 10    Str: 20 (21) XL:     3   Next: 97%
Magic:  3/3        EV:  9    Int:  7 (8)  God:
Gold:   149        SH:  4    Dex:  7 (9)  Spells: 2/2 levels left

rFire   . . .        Y - +1 war axe
rCold   . . .        c - +0 buckler
rNeg    + . .        b - +0 scale mail
rPois   inf          (no helmet)
rElec   +            (no cloak)
rCorr   .            (no gloves)
SInv    .            (no boots)
Will    .....        (no amulet) Stlth
                     (no ring)
HPRegen 0.23/turn    (no ring)
MPRegen 0.08/turn

%: no passive effects
@: no status effects
A: sickness immunity, AC +3, negative energy resistance 1, electricity
resistance, torment resistance 1, petrification resistance
a: no special abilities


You were on level 3 of the Dungeon.
You visited 1 branch of the dungeon, and saw 3 of its levels.

You collected 149 gold pieces.


Innate Abilities, Weirdness & Mutations

You are immune to sickness and miasma.
Your stone body is resilient. (AC +3)
You are immune to poison.
You resist negative energy. (rN+)
You are resistant to electric shocks. (rElec)
You are resistant to unholy torment.
You are immune to petrification.


   Skills:
 - Level 3.2 Fighting
 + Level 3.7 Axes
 - Level 3.2 Armour
 - Level 3.2 Shields


You had 2 spell levels left.
You didn't know any spells.
Your spell library was empty.

Inventory:

Hand Weapons
 j - a +0 whip
 Y - a +1 war axe (weapon)
Armour
 b - a +0 scale mail (worn)
 c - a +0 buckler (worn)
Scrolls
 i - a scroll of identify
Potions
 d - 2 potions of might
 f - a potion of brilliance {unknown}
 g - a potion of mutation {unknown}
 h - a potion of curing {unknown}

Dungeon Overview and Level Annotations

Branches:
Dungeon (3/15)

Altars:

Shops:
D:2 [

Annotations:
D:3 1 runed translucent door, qw's ghost, amateur GrHu


Message History

The endoplasm jiggles.
The orc closely misses you.
You hit the orc.
The orc is lightly wounded.
The orc barely misses you. The orc closely misses you.
The orc barely misses you.
You completely miss the orc. The orc closely misses you.
The orc hits you but does no damage.
You slash the orc!
You kill the orc!
The orc barely misses you.
You closely miss the orc. The orc hits you with a +0 club.
The orc hits you from afar with a +0 trident.
You block the orc's attack. The orc hits you but does no damage.
You barely miss the orc. You barely miss the endoplasm.
The orc hits you but does no damage. The endoplasm closely misses you.
The orc hits you but does no damage.
You barely miss the orc. You hit the endoplasm. The orc barely misses you.
The endoplasm hits you but does no damage.
The orc hits you but does no damage.
You hit the endoplasm.
The endoplasm is moderately wounded.
You hit the orc. The orc hits you with a +0 club.
You block the endoplasm's attack. The orc hits you but does no damage.
The orc hits you with a +0 club.
The orc hits you from afar with a +0 trident.
The endoplasm hits you but does no damage.
You hit the orc but do no damage.
The orc is severely wounded.
You hit the endoplasm.
You kill the endoplasm!
The orc completely misses you. The orc closely misses you.
You barely miss the orc.
The orc is severely wounded.
You closely miss the orc. The orc barely misses you.
The orc hits you with a +0 mace.
The orc hits you from afar with a +0 trident.
You die...

#.......... .......#~#
#.......... #>.....#:#
#..........
#......#~########...##..
#.\....#W#...........#..
#..._.g#S#....0......#..
#.}...o#F#...........##.
#....Ko#+#!.............
#....oo@.............###
...<...###############
......# ...... .....
.?... .... ....


You could see a bullfrog, qw's ghost, an adder, 4 orcs, a goblin and a kobold.

Vanquished Creatures
  A gnoll (D:2)
  An adder (D:2)
  A dart slug (D:1)
  An orc (D:3)
  7 ball pythons
  4 endoplasms
  A giant cockroach (D:1)
  3 goblins
  A hobgoblin (D:1)
  3 jackals (D:1)
  A kobold (D:2)
  A quokka (D:1)
  4 bats
29 creatures vanquished.

Notes
Turn   | Place    | Note
-------+----------+-------------------------------------------
     0 | D:1      | qw the Gargoyle Fighter began the quest for the Orb.
     0 | D:1      | Reached XP level 1. HP: 14/14 MP: 1/1
     0 | D:1      | 0 ||| qw: Version: 0.3-a-5-g6f28e65
     0 | D:1      | 0 ||| qw: Game counter: 449
     0 | D:1      | 0 ||| qw: Always use a shield: true
     0 | D:1      | 0 ||| qw: God list: Okawaru
     0 | D:1      | 0 ||| qw: Allow faded altars: false
     0 | D:1      | 0 ||| qw: Do Orc after D:15 true
     0 | D:1      | 0 ||| qw: Do second Lair branch before Depths: true
     0 | D:1      | 0 ||| qw: Lair rune preference: random
     0 | D:1      | 0 ||| qw: Plans: Normal, Zot:1-4, Slime:5, God:TSO, Crypt,
                  | Tomb, Abyss, Pan, Hells, Win
     0 | D:1      | 0 ||| PLANNING D:1-11
   135 | D:1      | Reached XP level 2. HP: 19/19 MP: 2/2
   380 | D:1      | 380 ||| Stepping ~*~*~tactically~*~*~ (hiding).
   523 | D:1      | 523 ||| Stepping ~*~*~tactically~*~*~ (stealth).
   527 | D:1      | Reached skill level 3 in Axes
   537 | D:1      | Reached XP level 3. HP: 19/23 MP: 3/3
   728 | D:2      | 728 ||| Stepping ~*~*~tactically~*~*~ (stealth).
   756 | D:2      | 756 ||| FLEEEEING.
   757 | D:2      | 757 ||| FLEEEEING.
   808 | D:2      | 808 ||| DROPPING +0 club.
   842 | D:2      | 842 ||| Stepping ~*~*~tactically~*~*~ (stealth).
   872 | D:2      | 872 ||| Stepping ~*~*~tactically~*~*~ (stealth).
  1010 | D:2      | Found Yfod's Armour Shoppe.
  1018 | D:2      | You fall into a shaft and drop 1 floor!
  1050 | D:3      | Found a runed translucent door.
  1055 | D:3      | Found a faded altar of an unknown god.
  1055 | D:3      | Noticed a bullfrog
  1057 | D:3      | 1057 ||| READING scroll labelled XOTULEUSAK.
  1057 | D:3      | Noticed qw's ghost (amateur GrHu)
  1058 | D:3      | 1058 ||| READING 2 scrolls labelled DAKUDGHUALI.
  1059 | D:3      | 1059 ||| READING scroll labelled GEOLI OBOYMMYW.
  1060 | D:3      | 1060 ||| DRINKING 2 black potions.
  1061 | D:3      | 1061 ||| DROPPING potion of degeneration.
  1076 | D:3      | HP: 1/23 [orc/+0 mace (6)]
  1076 | D:3      | Slain by an orc

Levels and vault maps discovered:
D:1:      minmay_arrival_shattered_statue, layout_rooms, minmay_tetromino_i2
D:2:      layout_loops_cross, serial_shops, nicolae_shop_advertising_works
          [nicolae_subvault_shop_adworks], serial_park_tiny_1,
          chequers_serial_rivers_small_b, minmay_distorted
D:3:      layout_basic, ebering_ecumenical_altar_abandoned,
          ebering_ghost_sewer_d, serial_bayou_crossing, uniq_ijyb

Skill      XL: |  1  2 |
---------------+-------+-----
Axes           | 2 3 |  3.7
Fighting       | |  3.2
Armour         | |  3.2
Shields        | |  3.2

Action                     || total
---------------------------++-------
  Melee: War axe           ||    96
    Use: Scroll            ||     3
         Potion            ||     1
 Armour: Scale mail        ||    50
  Dodge: Dodged            ||    56
  Block: Buckler           ||    16

Table legend:
 A = Non-vault XP
 B = Vault XP
 C = Vault XP percentage of total XP
 D = Non-vault monster count
 E = Vault monster count
 F = Vault count percentage of total count
                 A         B        C        D         E       F
            +---------+---------+-------+---------+---------+-------
      Total |      64 |      17 |  21.0 |      27 |       2 |   6.9
            +---------+---------+-------+---------+---------+-------
        D:1 |      36 |       2 |   5.3 |      18 |       1 |   5.3
        D:2 |      21 |      15 |  41.7 |       6 |       1 |  14.3
        D:3 |       7 |       0 |   0.0 |       3 |       0 |   0.0
            +---------+---------+-------+---------+---------+-------
